[Event "*** Titled Tuesday Blitz"]
[Site "Chess.com"]
[Date "2021.03.09"]
[Round "1"]
[White "ChrisTool2"]
[Black "tlomigtlis"]
[Result "1-0"]
[WhiteElo "2330"]
[BlackElo "2598"]
[TimeControl "180+1"]
[EndTime "10:07:18 PST"]
[Termination "ChrisTool2 won by checkmate"]

1. d4 Nf6 2. c4 g6 3. f3 d5 4. cxd5 Nxd5 5. e4 Nb6 6. Nc3 Bg7 7. Be3 O-O 8. Qd2 Nc6 9. O-O-O e5 10. d5 Nd4 11. f4 Bg4 12. Re1 c5 13. h3 Bd7 14.
Nf3 exf4 15. Bxf4 Nxf3 16. gxf3 Na4 17. Nxa4 Bxa4 18. h4 c4 19. Kb1 Qb6 20. e5 Rac8 21.
Rc1 Bb5 22. h5 Rfd8 23. hxg6 hxg6 24. Qh2 Qd4 25. Qh7+ Kf8 26. Bh6 Qxe5 27. Qh8+ Ke7 28. Qxg7 Qxg7 29. Bxg7 Rxd5 30. Bh3 Rg8 31. Rhe1+ Kd6 32.
Bf6 Bd7 33. Bxd7 Kxd7 34. Re7+ Kc6 35. Rxc4+ Rc5 36. Rxc5+ Kxc5 37. Rxb7 Re8 38. Rxf7 Re1+ 39. Kc2 Re2+ 40. Kd3 Re1 41. Bc3 Rd1+ 42. Kc2 Rf1 43. Rxa7 Rxf3 44. Kb3 g5 45. Ra5+ Kb6 46. Rxg5 Re3 47.
Kc4 Re4+ 48. Bd4+ Ka6 49. b4 Rh4 50. Rg6+ Kb7 51. a4 Rh5 52. Bc5 Rh1 53. Kb5 Rh7 54. a5 Rf7 55. a6+ Kc7 56. Bd4 Kb8 57. Rg8+ Kc7 58.
Rg7 Rxg7 59. Bxg7 Kb8 60. Kb6 Ka8 61. b5 Kb8 62. Ka5 Ka8 63. b6 Kb8 64. Be5+ Kc8 65. b7+ Kd7 66. b8=Q Ke6 67. Qd6+ Kf5 68. Kb5 Ke4 69.
Kc4 Kf3 70. Qd4 Ke2 71. Bc7 Kf1 72. Qd2 Kg1 73. Kd3 Kf1 74. Ke3 Kg1 75. Kf3 Kh1 76.
Qg2# 1-0

[Event "*** Titled Tuesday Blitz"]
[Site "Chess.com"]
[Date "2021.03.09"]
[Round "1"]
[White "schondeln"]
[Black "BahadirOzen"]
[Result "0-1"]
[WhiteElo "2407"]
[BlackElo "2763"]
[TimeControl "180+1"]
[EndTime "10:07:19 PST"]
[Termination "BahadirOzen won by resignation"]

1. e4 g6 2. d4 Bg7 3. Nc3 d6 4. Be3 a6 5. Qd2 b5 6. f3 Nd7 7. h4 h6 8. Bd3 Bb7 9. Nge2 Ngf6 10. a4 b4 11. Nd1 c5 12. dxc5 dxc5 13. Bc4 Qc7 14. Nf2 Ne5 15. Ba2 Rd8 16. Qc1 e6 17. O-O a5 18. Rd1 Rxd1+ 19. Qxd1 O-O 20. Qe1 Ba6 21. Rd1 Nc4 22. Bxc4 Bxc4 23. b3 Ba6 24. Bf4 e5 25. Be3 c4 26. Qd2 cxb3 27. cxb3 Rc8 28.
Nc1 Kh7 29. Nfd3 Rd8 30. Qe1 Nd7 31. Nb2 Bf8 32. Ncd3 Nc5 33. Rc1 Nxd3 34. Nxd3 Qe7 35. Bc5 Qf6 36. Bxf8 Rxf8 37. Nc5 Bc8 38. Rd1 Kg7 39.
Qf2 Re8 40. h5 gxh5 41. Qg3+ Kh7 42. Kh2 Rg8 43. Qf2 Qf4+ 44. Kh1 h4 45. Nd3 Qf6 46. Ne1 h3 47. g3 Be6 48. Kh2 Bxb3 49. Rd7 Be6 50. Ra7 b3 51. Rxa5 Qd8 52. Rb5 Qd7 53. f4 exf4 54. Qxf4 Qd1 55. Qe3 Rd8 56. Rd5 Bxd5 57.
exd5 Qxd5 58. a5 Qd2+ 59. Qxd2 Rxd2+ 60. Kxh3 Ra2 0-1

[Event "*** Titled Tuesday Blitz"]
[Site "Chess.com"]
[Date "2021.03.09"]
[Round "1"]
[White "attack2mateU"]
[Black "JimmmyZhang"]
[Result "1/2-1/2"]
[WhiteElo "2725"]
[BlackElo "2408"]
[TimeControl "180+1"]
[EndTime "10:07:19 PST"]
[Termination "Game drawn by repetition"]

1. e4 e5 2. Nf3 Nc6 3. Bc4 Be7 4. O-O Nf6 5. Re1 O-O 6. c3 d6 7. h3 a6 8. d4 b5 9. Bb3 exd4 10. cxd4 Na5 11.
Bc2 c5 12. dxc5 dxc5 13. e5 Nd5 14. Qd3 g6 15. Qe2 Be6 16. Bh6 Re8 17. Nbd2 Qc7 18.
Rad1 Rad8 19. Bb1 c4 20. Ne4 Nc6 21. Neg5 Bb4 22. Rf1 c3 23. Be4 Nxe5 24. Nxe6 fxe6 25. Ng5 Nf6 26. bxc3 Bxc3 27. Bb1 Nf7 28. Nxf7 Qxf7 29. Qf3 Nd5 30. Qg3 Bg7 31. Bg5 Bf6 32. Bd2 b4 33.
Bd3 a5 34. Bc4 Qg7 35. Rfe1 Qf7 36. Re2 Nb6 37. Bb5 Re7 38. Rde1 Rd5 39. Bc6 Rd8 40. Bf4 Nd5 41. Bd6 Bh4 42. Bxe7 Bxg3 43. Bxd8 Bc7 44. Bxd5 exd5 45. Bxc7 Qxc7 46. Re7 Qd6 47. Rb7 Qc6 48. Ree7 Qc1+ 49. Kh2 Qf4+ 50. Kg1 Qc1+ 51. Kh2 Qf4+ 52. Kh1 Qc1+ 53. Kh2 1/2-1/2

[Event "*** Titled Tuesday Blitz"]
[Site "Chess.com"]
[Date "2021.03.09"]
[Round "1"]
[White "TimofeevAr"]
[Black "XanoushX_X"]
[Result "1-0"]
[WhiteElo "2871"]
[BlackElo "2451"]
[TimeControl "180+1"]
[EndTime "10:07:20 PST"]
[Termination "TimofeevAr won by resignation"]

1. c4 c6 2. Nf3 d5 3. e3 Nf6 4.
Nc3 a6 5. a4 e6 6. d4 c5 7.
cxd5 exd5 8. Be2 Nc6 9. O-O Be6 10. b3 Be7 11. Bb2 O-O 12. h3 Rc8 13. Rc1 Nb4 14.
dxc5 Bxc5 15. Nd4 Qe7 16. Bf3 Rfd8 17. Nce2 Na2 18. Ra1 Nb4 19. Nf4 Ne4 20. Qe2 Bxd4 21. Bxd4 Rc2 22. Qd1 Nd2 23. Re1 Nxb3 24. Rb1 Nxd4 25.
exd4 Qd6 26. Nxe6 fxe6 27. Bg4 Re8 28. Rxe6 Rxe6 29. Rxb4 Rc7 30. Bxe6+ Qxe6 31. Qb1 Qc6 32. Kh2 Qd6+ 33. g3 Qc6 34. Kg2 h6 35. a5 Qd7 36.
Qb3 Kh8 37. Rb6 Qf5 38. Qe3 Qf7 39. Re6 Kh7 40. h4 Rc6 41. Re5 Rd6 42. Qd3+ Qg6 43. Qe2 Qf6 44. h5 b6 45. Qd3+ Kg8 46. Re8+ Kf7 47.
Re3 Kg8 48. Qxa6 bxa5 49. Re8+ Kf7 50. Qc8 Re6 51. Rf8+ 1-0

[Event "*** Titled Tuesday Blitz"]
[Site "Chess.com"]
[Date "2021.03.09"]
[Round "1"]
[White "federicosellitti"]
[Black "ApoIogiA"]
[Result "1-0"]
[WhiteElo "2540"]
[BlackElo "2213"]
[TimeControl "180+1"]
[EndTime "10:07:20 PST"]
[Termination "federicosellitti won by resignation"]

1. e4 c5 2. Nc3 Nc6 3. g3 g6 4. Bg2 Bg7 5. d3 e6 6. Be3 Nge7 7. Bxc5 Qa5 8. Be3 Bxc3+ 9. bxc3 Qxc3+ 10. Bd2 Qg7 11. Ne2 O-O 12. Qc1 Rd8 13. O-O e5 14. Nc3 d6 15. Bh6 Qh8 16. f4 f6 17. f5 gxf5 18.
exf5 d5 19. Qa3 Nxf5 20. Rxf5 Bxf5 21. Bxd5+ Rxd5 22. Nxd5 Kf7 23. Rf1 Kg6 24. Ne3 Be6 25. Qd6 Qe8 26. Bf4 Rd8 27. Qa3 exf4 28. gxf4 Kg7 29.
f5 Bd5 30. Ng4 Qd7 31. Qc1 Qd6 32. Qh6+ Kh8 33. Nxf6 Rg8+ 34. Nxg8 Kxg8 35. Qxd6 1-0

[Event "*** Titled Tuesday Blitz"]
[Site "Chess.com"]
[Date "2021.03.09"]
[Round "1"]
[White "zacachess"]
[Black "JiiHart"]
[Result "1-0"]
[WhiteElo "2501"]
[BlackElo "2062"]
[TimeControl "180+1"]
[EndTime "10:07:20 PST"]
[Termination "zacachess won by resignation"]

1. e4 e5 2. Nf3 Nc6 3. d4 exd4 4. Nxd4 Bc5 5. Be3 Qf6 6. c3 Nge7 7. g3 Bb6 8. Bg2 d6 9. O-O O-O 10. Na3 a6 11. Nxc6 bxc6 12. Bxb6 cxb6 13. Nc4 b5 14. Nxd6 Rd8 15. e5 Qxe5 16. Nxf7 Rxd1 17. Nxe5 Rxa1 18. Rxa1 Bb7 19. Rd1 Nd5 20. Nd7 Rd8 21. Nc5 Bc8 22.
Nb3 Rd7 23. Na5 Ne7 24. Rxd7 Bxd7 25. f4 Kf7 26. Kf2 Ke6 27. Nb7 Nf5 28. Nc5+ Kd6 29.
Nxd7 Kxd7 30. Bh3 g6 31. Bxf5+ gxf5 32. Ke3 c5 33. h3 Kd6 34. g4 fxg4 35. hxg4 Kd5 36.
g5 c4 37. Kf3 a5 38. Kg4 b4 39.
f5 a4 40. a3 bxc3 41. bxc3 Ke5 42. g6 hxg6 43. fxg6 Kf6 44. Kf4 Kxg6 45. Ke4 Kf6 46. Kd4 Ke6 47. Kxc4 Kd6 48. Kb4 Kc6 49. Kxa4 Kb6 50.
Kb4 1-0

[Event "*** Titled Tuesday Blitz"]
[Site "Chess.com"]
[Date "2021.03.09"]
[Round "1"]
[White "lider34"]
[Black "howitzer14"]
[Result "0-1"]
[WhiteElo "2483"]
[BlackElo "3027"]
[TimeControl "180+1"]
[EndTime "10:07:21 PST"]
[Termination "howitzer14 won on time"]

1. e4 c5 2. c3 d5 3. exd5 Qxd5 4. d4 g6 5. Nf3 Bg7 6. Na3 cxd4 7. Bc4 Qe4+ 8. Kf1 Nh6 9. Nb5 O-O 10. cxd4 Nc6 11. Nc3 Qg4 12. h3 Qd7 13. d5 Na5 14. Bb5 Qd8 15. Bd2 a6 16. Be2 b5 17. Qe1 Nf5 18. Rd1 Nd6 19. b3 Bf5 20. g4 Bd7 21. Kg2 Nab7 22. Be3 Rc8 23. Bd4 Qa5 24. Ne5 Rfd8 25.
Bf3 b4 26. Nc6 Bxc6 27. dxc6 bxc3 28. cxb7 Bxd4 29. Rxd4 Nxb7 30. Rxd8+ Nxd8 31. Qxe7 Ne6 32. Rd1 c2 33. Rd7 Rf8 34. Bd5 Nf4+ 35. Kf3 Nxd5 36. Qe4 c1=Q 0-1

[Event "*** Titled Tuesday Blitz"]
[Site "Chess.com"]
[Date "2021.03.09"]
[Round "1"]
[White "Balla_Tamas"]
[Black "rpragchess"]
[Result "0-1"]
[WhiteElo "2462"]
[BlackElo "2907"]
[TimeControl "180+1"]
[EndTime "10:07:21 PST"]
[Termination "rpragchess won by checkmate"]

1. d4 Nf6 2. Bf4 g6 3. Nc3 d5 4. e3 Bg7 5. h4 h5 6. Nf3 O-O 7. Qd2 Bf5 8. Bd3 Ne4 9. Bxe4 dxe4 10. Ng5 c5 11. d5 Bxc3 12. Qxc3 Qxd5 13. Rd1 Qc6 14. Nh3 f6 15. Bxb8 Raxb8 16. Nf4 Rbd8 17. O-O e5 18. Qc4+ Kg7 19. Ne2 Be6 20. Qc3 Bg4 21. Rxd8 Rxd8 22. Re1 Bxe2 23. Rxe2 Qd5 24. Kh2 b6 25. a4 Rd7 26. a5 b5 27. Re1 a6 28.
Rb1 Kf7 29. b3 Ke6 30. Kg3 Rd6 31. f3 exf3 32. gxf3 Kd7 33. Rg1 Kc6 34. Kh3 Qxf3+ 35. Rg3 Qh1# 0-1

[Event "*** Titled Tuesday Blitz"]
[Site "Chess.com"]
[Date "2021.03.09"]
[Round "1"]
[White "mapleaff"]
[Black "PaulfromSPb"]
[Result "0-1"]
[WhiteElo "2387"]
[BlackElo "2710"]
[TimeControl "180+1"]
[EndTime "10:07:21 PST"]
[Termination "PaulfromSPb won on time"]

1. e4 c5 2. Nf3 d6 3. Bb5+ Nd7 4.
O-O Nf6 5. Re1 a6 6. Bd3 b5 7. c3 Bb7 8. Bc2 e5 9. d4 Be7 10. d5 O-O 11. Nbd2 c4 12. Nf1 Nc5 13. Ng3 g6 14.
Bh6 Re8 15. h3 Rc8 16. Qd2 a5 17.
Nf5 Bf8 18. Bxf8 Rxf8 19. Qg5 Kh8 20. Nh6 Nh5 21. Qxd8 Rcxd8 22. g3 b4 23. Nd2 Ba6 24. Ng4 bxc3 25. bxc3 Rb8 26. Rab1 Nd3 27. Bxd3 cxd3 28. Ne3 Nf6 29. Nec4 Bxc4 30. Nxc4 Rxb1 31. Rxb1 Nxe4 32. Re1 Nxc3 33. Re3 Rc8 34. Nxd6 d2 35. Rd3 Rc5 36. Nxf7+ Kg7 37. Nxe5 Rxd5 38. Rxd5 Nxd5 39. Nc4 d1=Q+ 0-1

[Event "*** Titled Tuesday Blitz"]
[Site "Chess.com"]
[Date "2021.03.09"]
[Round "1"]
[White "Airquake"]
[Black "Kaua18"]
[Result "1-0"]
[WhiteElo "2602"]
[BlackElo "2300"]
[TimeControl "180+1"]
[EndTime "10:07:21 PST"]
[Termination "Airquake won on time"]

1. e4 c5 2. Nf3 Nc6 3. Bb5 e6 4. O-O Nge7 5. Re1 a6 6. Bf1 Nd4 7. Nxd4 cxd4 8. c3 Nc6 9. cxd4 Nxd4 10. d3 Bc5 11. Be3 O-O 12. Nc3 d6 13. Rc1 b5 14.
e5 dxe5 15. Nxb5 axb5 16. Rxc5 Rxa2 17. Rxe5 Rxb2 18. Qa1 Rb4 19. Qc3 Ra4 20. Rb1 Ba6 21.
h4 Nf5 22. Bc5 Re8 23. g3 Nxh4 24. Be2 Ng6 25. Re4 Qd5 26. Bf3 Qa2 27. Rb2 Qa1+ 28. Re1 b4 29. Bxb4 Qxe1+ 30. Qxe1 Bxd3 31. Bc6 Rea8 32. Bxa4 Rxa4 33. Bc3 f6 34. Qxe6+ 1-0

[Event "*** Titled Tuesday Blitz"]
[Site "Chess.com"]
[Date "2021.03.09"]
[Round "1"]
[White "Andrii_Prydun"]
[Black "Mikhail_Golubev"]
[Result "0-1"]
[WhiteElo "2285"]
[BlackElo "2589"]
[TimeControl "180+1"]
[EndTime "10:07:21 PST"]
[Termination "Mikhail_Golubev won on time"]

1. d4 Nf6 2. Nc3 d5 3. Bf4 c5 4.
e3 cxd4 5. exd4 a6 6. Bd3 Nc6 7.
Nge2 g6 8. O-O Bg7 9. Re1 O-O 10. Qd2 Re8 11. Rad1 b5 12. a3 Bb7 13. h3 Rc8 14. Na2 Nd7 15. c3 Na5 16. Bh6 Bh8 17. Ng3 e5 18. Nb4 exd4 19. cxd4 Nb3 20. Qg5 Rxe1+ 21.
Rxe1 Nxd4 22. Qe7 Qxe7 23. Rxe7 Nc5 24. Bb1 Bf6 25. Re1 a5 26. Nc2 Nxc2 27. Bxc2 Ne6 28. Bb3 Bxb2 29. a4 Nc5 30. Ba2 Nxa4 31. Re7 Bc6 32.
Ne2 Nc3 33. Nxc3 Bxc3 34. Bf4 a4 35. Bb1 b4 0-1

[Event "*** Titled Tuesday Blitz"]
[Site "Chess.com"]
[Date "2021.03.09"]
[Round "1"]
[White "vovachesss"]
[Black "ErikRonka"]
[Result "1/2-1/2"]
[WhiteElo "2712"]
[BlackElo "2401"]
[TimeControl "180+1"]
[EndTime "10:07:23 PST"]
[Termination "Game drawn - insufficient material"]

1. d4 d5 2. Bf4 c5 3. dxc5 Nc6 4.
e3 e5 5. Bg3 Bxc5 6. Nf3 f6 7.
Nbd2 Nge7 8. c3 O-O 9. e4 Be6 10.
Bd3 d4 11. Qe2 dxc3 12. bxc3 Bf7 13. O-O Qc7 14. Bc4 Na5 15. Bxf7+ Rxf7 16. Nb3 Bb6 17.
Rac1 Qc4 18. Qc2 Rff8 19. Nfd2 Qc6 20. Nxa5 Bxa5 21. Nb3 Bb6 22. Rfd1 Rfd8 23. c4 Rxd1+ 24. Rxd1 Rd8 25. Rxd8+ Bxd8 26. c5 Qe6 27. Qd3 Nc6 28. f4 exf4 29. Bxf4 Be7 30. Kf2 h6 31. Kf3 Kf7 32. g4 a5 33. a4 h5 34. h3 hxg4+ 35. hxg4 Nb4 36. Qc3 Qa6 37. Nd2 Qd3+ 38. Qxd3 Nxd3 39. Nc4 Nxc5 40. Nxa5 Nxa4 41. Nxb7 Nc5 42.
Na5 Nd7 43. Nc6 Nf8 44. Be3 Ne6 45. Bd2 Bf8 46. Bc3 Be7 47. e5 fxe5 48. Nxe5+ Kg8 49. Bd2 Bf6 50. Nc6 Kf7 51. Ke4 Ng5+ 52. Kf5 Ne6 53.
g5 Nxg5 54. Bxg5 Bxg5 55. Kxg5 g6 56. Ne5+ Ke6 57. Nxg6 1/2-1/2

[Event "*** Titled Tuesday Blitz"]
[Site "Chess.com"]
[Date "2021.03.09"]
[Round "1"]
[White "Andrakhanova"]
[Black "vlad_Sid"]
[Result "0-1"]
[WhiteElo "2269"]
[BlackElo "2573"]
[TimeControl "180+1"]
[EndTime "10:07:23 PST"]
[Termination "vlad_Sid won by resignation"]

1. c4 c5 2. Nc3 Nc6 3. g3 e6 4. Bg2 Nf6 5. Nf3 b6 6. d4 cxd4 7. Nxd4 Bb7 8. O-O Be7 9. b3 O-O 10. Bb2 a6 11. Qd2 Qc7 12. Rad1 Nxd4 13. Qxd4 Bxg2 14.
Kxg2 Rfd8 15. e4 d6 16. h3 Bf8 17. Qe3 Nd7 18. Rd2 Qb7 19. Rfd1 b5 20. Qe2 Nc5 21. f3 b4 22. Nb1 Qb6 23. Rc2 a5 24. Nd2 a4 25.
Bd4 Qc6 26. Qe3 axb3 27. axb3 Ra3 28. Bxc5 dxc5 29. Rcc1 Ra2 30. Kg1 Qd6 31. Nf1 Qxd1 32. Rxd1 Rxd1 33. f4 Raa1 34. Qe2 Rxf1+ 35. Qxf1 Rxf1+ 36. Kxf1 f6 37. f5 exf5 38. exf5 g6 39. g4 gxf5 40. gxf5 Kg7 41. Kg2 Kh6 42. Kf3 Kg5 43.
Ke4 h5 0-1

[Event "*** Titled Tuesday Blitz"]
[Site "Chess.com"]
[Date "2021.03.09"]
[Round "1"]
[White "mary-sanna"]
[Black "adriangschnitzer"]
[Result "0-1"]
[WhiteElo "2063"]
[BlackElo "2502"]
[TimeControl "180+1"]
[EndTime "10:07:23 PST"]
[Termination "adriangschnitzer won on time"]

1. d4 Nf6 2. Bf4 c5 3. d5 d6 4. Nc3 e5 5. Bg5 h6 6. Bh4 g5 7. Bg3 Bf5 8. h4 Bg7 9. hxg5 hxg5 10. Rxh8+ Bxh8 11. Qd2 Nh5 12. e4 Nxg3 13. fxg3 Bg6 14. Nf3 Bf6 15. Bb5+ Nd7 16. a4 a6 17. Bxd7+ Qxd7 18. O-O-O Qg4 19. Qe1 b5 20. axb5 axb5 21. Nxb5 Ke7 22.
Nc3 Qh5 23. Kd2 g4 24. Ng1 Bg5+ 25. Ke2 f5 26. Kf2 fxe4 27. Ra1 Rf8+ 28. Ke2 Qh2 29. Ra7+ Ke8 30. Nb5 Qxg2+ 31. Kd1 Rf1 32. Nxd6+ Kf8 33.
Ra8+ Kg7 34. Ra7+ Kh6 0-1

[Event "*** Titled Tuesday Blitz"]
[Site "Chess.com"]
[Date "2021.03.09"]
[Round "1"]
[White "dawtonlms"]
[Black "Durarbayli"]
[Result "0-1"]
[WhiteElo "2373"]
[BlackElo "2689"]
[TimeControl "180+1"]
[EndTime "10:07:24 PST"]
[Termination "Durarbayli won by resignation"]

1. e4 c5 2. Nf3 d6 3. Bb5+ Nd7 4. O-O a6 5. Bd3 b6 6. c3 Bb7 7. Re1 Qc7 8. b3 Ngf6 9. Bc2 Rc8 10. d3 g6 11.
Nbd2 Bg7 12. Nf1 O-O 13. Ng3 e5 14. h3 d5 15. Qe2 Rfe8 16. Bg5 h6 17. Be3 d4 18.
Bd2 dxc3 19. Bxc3 Nb8 20. Rad1 Nc6 21. a3 a5 22. Bb1 Ba6 23. Qb2 Nd7 24. b4 axb4 25.
axb4 cxb4 26. Bxb4 Nxb4 27. Qxb4 Qc5 28. Qb2 Qc3 29.
Qxc3 Rxc3 30. d4 exd4 31. Nxd4 Ne5 32. Nge2 Ra3 33. Nf4 Bc4 34. Nc2 Ra5 35. Ne3 b5 36. Nfd5 Ra3 37. Rc1 Nd3 38. Bxd3 Bxd3 39. f3 Bd4 40.
Kh2 Kg7 41. Red1 Bb2 42. Rc7 Be5+ 0-1

[Event "*** Titled Tuesday Blitz"]
[Site "Chess.com"]
[Date "2021.03.09"]
[Round "1"]
[White "KetiGrant"]
[Black "biostatistician"]
[Result "1-0"]
[WhiteElo "2358"]
[BlackElo "2623"]
[TimeControl "180+1"]
[EndTime "10:07:24 PST"]
[Termination "KetiGrant won by resignation"]

1. e4 e6 2. d4 d5 3. Nc3 Nc6 4. Nf3 Nf6 5. Bg5 Be7 6. e5 Ne4 7. Bxe7 Qxe7 8. Bd3 Nxc3 9. bxc3 b6 10. O-O a5 11.
Bb5 Bd7 12. a4 O-O 13. Re1 Na7 14. Bd3 c5 15. c4 dxc4 16. Bxc4 Bc6 17. d5 exd5 18.
Bxd5 Bxd5 19. Qxd5 Rad8 20. Qe4 Rd7 21. h4 h6 22. Qg4 Qe6 23. Qxe6 fxe6 24. Rab1 Rb8 25.
Rb3 Nc6 26. c3 Rd3 27. Reb1 Rd5 28. c4 Rd7 29. Rxb6 Rxb6 30. Rxb6 Rc7 31. Rb5 Nd4 32. Rxa5 Kf7 33. Ra8 Kg6 34. Nd2 Kf5 35. a5 Kxe5 36.
a6 Nc6 37. Nb3 Nd4 38. Na5 Ke4 39. Rd8 e5 40. Nb7 Nc6 41. Nxc5+ Kf5 42. Rf8+ Kg6 43.
Nb7 Na7 44. c5 Rxc5 45. Nxc5 1-0

[Event "*** Titled Tuesday Blitz"]
[Site "Chess.com"]
[Date "2021.03.09"]
[Round "1"]
[White "ENajer77"]
[Black "ARTHURMOTIVATOR"]
[Result "0-1"]
[WhiteElo "2612"]
[BlackElo "2342"]
[TimeControl "180+1"]
[EndTime "10:07:24 PST"]
[Termination "ARTHURMOTIVATOR won on time"]

1. d4 Nf6 2. Bg5 Ne4 3. Bh4 c6 4.
Nd2 Nxd2 5. Qxd2 d5 6. e3 Bf5 7. Bd3 Bxd3 8. cxd3 Nd7 9. Nf3 f6 10. O-O-O e6 11. e4 Qb6 12. Kb1 Bb4 13. Qe2 O-O 14. Bg3 Rfe8 15. h4 a5 16. h5 a4 17.
h6 g6 18. Bf4 a3 19. b3 c5 20. Be3 Qa5 21. Rc1 Rac8 22. dxc5 Nxc5 23. e5 f5 24. Rc2 Na6 25. Rxc8 Rxc8 26. Ng5 Rc6 27. Rc1 Bc3 28. f4 d4 29. Bf2 Nb4 30. Nf3 Qd5 31. Bh4 Rb6 32.
Qd1 Nc6 33. Be1 Bxe1 34. Nxe1 Qb5 35. Rc4 Qd5 36. Rc1 Kf7 0-1

[Event "*** Titled Tuesday Blitz"]
[Site "Chess.com"]
[Date "2021.03.09"]
[Round "1"]
[White "BrandonJacobson"]
[Black "sakkikuska"]
[Result "1-0"]
[WhiteElo "2933"]
[BlackElo "2471"]
[TimeControl "180+1"]
[EndTime "10:07:25 PST"]
[Termination "BrandonJacobson won by checkmate"]

1. d4 Nf6 2. c4 g6 3. Nc3 d5 4. cxd5 Nxd5 5. e4 Nxc3 6. bxc3 Bg7 7. Nf3 c5 8. Rb1 O-O 9. Be2 Bg4 10. O-O b6 11. Be3 Nd7 12. e5 Rc8 13. Qa4 Qc7 14. h3 Bf5 15. Rbc1 Rfd8 16. Ng5 Nf8 17. Bc4 Ne6 18. Bxe6 Bxe6 19. Nxe6 fxe6 20. dxc5 Bxe5 21. cxb6 axb6 22. Qb3 Qc6 23. c4 Bc7 24. Qb5 Qd6 25. g3 Ra8 26. a4 Ra5 27. Qb3 Rda8 28. c5 bxc5 29. Bf4 Qc6 30. Bxc7 Qxc7 31. Qxe6+ Kg7 32. Rfd1 R5a6 33. Qe3 Rxa4 34. Rxc5 Qb7 35. Re5 R8a7 36. Kh2 Ra2 37. Qd4 Kf7 38. Rde1 Qc7 39. Qd5+ Kf8 40.
Qf3+ Kg7 41. h4 Qd6 42. Kg2 R7a6 43. Rxe7+ Kh6 44. Qe3+ Kh5 45. Qg5# 1-0

[Event "*** Titled Tuesday Blitz"]
[Site "Chess.com"]
[Date "2021.03.09"]
[Round "1"]
[White "Harry_Rakkel"]
[Black "SHIVACalypso"]
[Result "1-0"]
[WhiteElo "2637"]
[BlackElo "2342"]
[TimeControl "180+1"]
[EndTime "10:07:25 PST"]
[Termination "Harry_Rakkel won by checkmate"]

1. d4 e6 2. c4 Nf6 3. Nc3 Bb4 4.
Nf3 O-O 5. Bg5 d5 6. e3 h6 7. Bh4 c6 8. Qc2 Nbd7 9. Bd3 Re8 10. O-O dxc4 11. Bxc4 Bxc3 12. bxc3 e5 13. Qg6 Nd5 14. Bxd8 fxg6 15. Bc7 exd4 16. cxd4 Nf6 17. Rfe1 Be6 18. Be5 Nb6 19. Bb3 Rad8 20. Reb1 Ne4 21. Bc7 Rd7 22.
Bxe6+ Rxe6 23. Bxb6 axb6 24. Rxb6 Nd6 25. Ne5 Rd8 26.
a4 Ra8 27. a5 Re7 28. Nxg6 Rf7 29. Ne5 Rff8 30. g3 Rfc8 31. Kg2 Kf8 32. h4 Ke7 33. a6 Rxa6 34. Raxa6 bxa6 35. Nxc6+ Kd7 36. Ne5+ Ke6 37. Rxa6 Rc2 38. Nf7 Kxf7 39. Rxd6 Rd2 40. Kf3 Ra2 41. Rb6 Ra5 42. g4 Rd5 43. h5 Rd8 44. Kf4 Kg8 45. f3 Re8 46. e4 g5+ 47.
hxg6 Kg7 48. d5 h5 49. gxh5 Kh6 50. g7+ Kxg7 51. Kg5 Kh7 52. Rb7+ Kh8 53. Kh6 Rg8 54. Rh7# 1-0

[Event "*** Titled Tuesday Blitz"]
[Site "Chess.com"]
[Date "2021.03.09"]
[Round "1"]
[White "Zhigalko_Sergei"]
[Black "bazar-wokzal"]
[Result "1-0"]
[WhiteElo "2930"]
[BlackElo "2470"]
[TimeControl "180+1"]
[EndTime "10:07:26 PST"]
[Termination "Zhigalko_Sergei won on time"]

1. e4 c5 2. Nf3 d6 3. d4 cxd4 4. Qxd4 Nc6 5. Bb5 a6 6. Bxc6+ bxc6 7. c4 e5 8. Qd3 Ne7 9. O-O Ng6 10. Rd1 Be7 11.
Nc3 Be6 12. Be3 O-O 13. b3 f5 14. h3 fxe4 15. Nxe4 Bxh3 16. Nxd6 Bg4 17. c5 Bxf3 18.
gxf3 Kh8 19. Qe4 Bxd6 20. Rxd6 Qe7 21. Kf1 Nh4 22. Ke2 Nf5 23. Rh1 Rae8 24. Rxc6 g6 25. Rxg6 Nd4+ 26. Kf1 Nxf3 27. Rgh6 Rf7 28. R1h3 Ref8 29.
c6 Nd2+ 30. Bxd2 Rxf2+ 31. Ke1 Rf1+ 32. Ke2 R8f2+ 33. Kd3 Qd8+ 34. Kc4 1-0

[Event "*** Titled Tuesday Blitz"]
[Site "Chess.com"]
[Date "2021.03.09"]
[Round "1"]
[White "beautroll"]
[Black "exoticprincess"]
[Result "0-1"]
[WhiteElo "2453"]
[BlackElo "2879"]
[TimeControl "180+1"]
[EndTime "10:07:26 PST"]
[Termination "exoticprincess won by resignation"]

1. e4 c6 2. d4 d5 3. e5 Bf5 4. Nc3 e6 5. g4 Bg6 6. Nge2 Ne7 7. Nf4 Nd7 8. h4 h5 9. Nxg6 Nxg6 10.
gxh5 Nxh4 11. Bd3 c5 12. Qg4 cxd4 13. Rxh4 dxc3 14. bxc3 Nxe5 15. Bb5+ Nc6 16. Bd2 Rc8 17. Kf1 a6 18. Bd3 Ne5 19. Qg3 Nxd3 20. cxd3 Be7 21. Rg4 Rxh5 22. Kg2 Bf6 23. Re1 Qc7 24. f4 Qc6 25. d4 Kd7 26. Rxg7 Bxg7 27. Qxg7 Rf5 28. Re5 Ke7 29. Be1 Qd7 30. Bh4+ Kd6 31. Qh6 Rxe5 32. fxe5+ Kc7 33. Qc1 Kb8 34. Qa3 Ka8 35. Be7 Rg8+ 36. Kf3 Qb5 37. Kf2 Qd3 38. Bh4 Qd2+ 39. Kf3 Qg2+ 40. Ke3 Qh3+ 0-1

[Event "*** Titled Tuesday Blitz"]
[Site "Chess.com"]
[Date "2021.03.09"]
[Round "1"]
[White "Chessmasterzt"]
[Black "stepakyedael"]
[Result "1-0"]
[WhiteElo "2622"]
[BlackElo "2320"]
[TimeControl "180+1"]
[EndTime "10:07:26 PST"]
[Termination "Chessmasterzt won on time"]

1. d4 Nf6 2. c4 g6 3. Nc3 Bg7 4. e4 d6 5. Nf3 O-O 6. Be2 Na6 7. O-O e5 8. d5 h6 9. Rb1 Ne8 10. b4 f5 11. c5 f4 12. Nd2 Nf6 13. c6 Rf7 14.
Qa4 Nb8 15. cxb7 Bxb7 16. Nc4 Bc8 17. Na5 Bd7 18. Nc6 Qe8 19. Bb5 a6 20. Bc4 Bf8 21. Qa5 Qc8 22. b5 Rg7 23. bxa6 Nxa6 24. Qb5 Nc5 25.
f3 Qe8 26. a4 Kh7 27. Ba3 g5 28. Bxc5 dxc5 29. Qb7 Bd6 30. g4 fxg3 31. hxg3 g4 32.
f4 exf4 33. e5 Bxe5 34. Rbe1 Bd4+ 35. Nxd4 Qh5 36. Qb1+ Kh8 37. Rxf4 Qh3 38. Nde2 Nh5 39. Qd3 1-0

[Event "*** Titled Tuesday Blitz"]
[Site "Chess.com"]
[Date "2021.03.09"]
[Round "1"]
[White "Majesth"]
[Black "katchesskat"]
[Result "0-1"]
[WhiteElo "2564"]
[BlackElo "2298"]
[TimeControl "180+1"]
[EndTime "10:07:26 PST"]
[Termination "katchesskat won on time"]

1. d4 c5 2. d5 e5 3. e4 a6 4. a4 d6 5. Nc3 b6 6. Nge2 Ne7 7. g3 Ng6 8. Bg2 Be7 9. O-O O-O 10. f4 exf4 11.
gxf4 Bf6 12. Ng3 Ra7 13. Be3 Re8 14. Qh5 Nd7 15. Bh3 Bd4 16. Bxd4 cxd4 17. Bxd7 Bxd7 18. Nce2 f5 19. exf5 Ne7 20. f6 gxf6 21. Nxd4 Kh8 22. Rae1 Ng6 23. Ne6 Qc8 24. f5 Ne5 25. Qh6 Bxe6 26.
Qxf6+ Rg7 27. fxe6 Qc5+ 28. Qf2 Qxd5 29. Rd1 Qxe6 30. Qf6 Qh3 31. Rxd6 Ng4 32. Qxg7+ Kxg7 33. Rd7+ Kh8 34. Rd2 Rg8 35. Kh1 Ne3 0-1

[Event "*** Titled Tuesday Blitz"]
[Site "Chess.com"]
[Date "2021.03.09"]
[Round "1"]
[White "SF-96"]
[Black "LubovMarkelova"]
[Result "1-0"]
[WhiteElo "2544"]
[BlackElo "2227"]
[TimeControl "180+1"]
[EndTime "10:07:26 PST"]
[Termination "SF-96 won by checkmate"]

1. e4 e6 2. d4 d5 3. Nd2 c5 4. Ngf3 Nf6 5. exd5 exd5 6. Bb5+ Bd7 7. Bxd7+ Nbxd7 8.
O-O Be7 9. dxc5 Nxc5 10. Nd4 Qd7 11. N2f3 O-O 12. c3 Rfe8 13. Bf4 Nce4 14. Nb3 a5 15. a4 b5 16. Nbd4 b4 17. Ne5 Qb7 18. f3 Nd6 19. cxb4 axb4 20. b3 Rec8 21. Rc1 Rxc1 22. Qxc1 Rc8 23.
Nec6 Bf8 24. Bxd6 Bxd6 25. Re1 Re8 26. Rxe8+ Nxe8 27. a5 Nc7 28. Qe1 Kf8 29. Kh1 Ne6 30.
Nxe6+ fxe6 31. Nd8 Qb8 32. Nxe6+ Kg8 33. Ng5 Bxh2 34.
Qe6+ Kh8 35. Nf7+ Kg8 36. Nd8+ Kh8 37. Qe8# 1-0